 Dungeon Crawl Stone Soup version 0.18-a0-1180-g64ccc1e (webtiles) character file.

1793 kae the Cleaver (level 9, 0/70 HPs)
             Began as a Hill Orc Fighter on Jan 27, 2016.
             Slain by an orc warrior
             ... wielding a +0 halberd
              (26 damage)
             ... on level 6 of the Dungeon.
             The game lasted 00:04:59 (4444 turns).

kae the Cleaver (Hill Orc Fighter)                  Turns: 4444, Time: 00:04:59

Health: 0/70       AC:  6    Str: 22    XL:     9   Next: 9%
Magic:  9/9        EV:  7    Int:  8    God:
Gold:   236        SH:  9    Dex: 10    Spells: 0 memorised, 8 levels left

rFire  . . .     SeeInvis .     a - +1 war axe
rCold  . . .     Gourm    .     b - +0 scale mail
rNeg   . . .     Faith    .     c - +0 shield
rPois  .         Spirit   .     (no helmet)
rElec  .         Dismiss  +     (no cloak)
rCorr  .         Reflect  .     (no gloves)
SustAt .         Harm     .     (no boots)
MR     .....                    g - amulet of dismissal
Stlth  ..........               (no ring)
                                (no ring)

@: not resistant to hostile enchantments, extremely unstealthy
A: no striking features
a: no special abilities


You were on level 6 of the Dungeon.
You were not hungry.

You visited 1 branch of the dungeon, and saw 6 of its levels.

You collected 236 gold pieces.

Inventory:

Hand Weapons
 a - a +1 war axe (weapon)
Armour
 b - a +0 scale mail (worn)
 c - a +0 shield (worn)
Jewellery
 g - an amulet of dismissal (around neck)
Wands
 p - a wand of random effects (9/48)
Scrolls
 i - 2 scrolls of remove curse
 l - a scroll of fog {unknown}
 m - 2 scrolls of identify
Potions
 e - a potion of brilliance {unknown}
 h - 2 potions of agility
 j - 2 potions of lignification
 k - a potion of haste {unknown}
 n - a potion of flight {unknown}
 r - 2 potions of ambrosia
 t - 4 potions of cure mutation
Comestibles
 f - 3 bread rations
 o - 2 slices of pizza
 u - 2 meat rations
 v - 5 fruits


   Skills:
 - Level 3.6 Fighting
 + Level 14.3 Axes
 - Level 3.2 Armour
 - Level 3.2 Shields


You had 8 spell levels left.
You didn't know any spells.

Dungeon Overview and Level Annotations

Branches:
Dungeon (6/15)
 Temple: D:4-7

Altars:
Cheibriados
Dithmenos
Elyvilon
Kikubaaqudgha
Vehumet
Yredelemnul


Message History

You hit the orc wizard.
The orc wizard is severely wounded.
You slash the hound zombie! You hit the orc.
The orc is moderately wounded.
The hound zombie bites you but does no damage.
You block the orc wizard's attack. The orc hits you but does no damage.
You block the hound zombie's attack.
You slash the orc wizard!
You kill the orc wizard!
Your scale mail prevents you from hitting the hound zombie.
You slash the orc!
You kill the orc!
The orc warrior hits you from afar with a halberd.
The hound zombie bites you.
You slash the hound zombie!
You destroy the hound zombie!
You slash the hungry ghost!
The hungry ghost is lightly damaged.
The orc warrior hits you from afar with a halberd!!
You die...

#... #...
...### ##
.......
...#. ...
#.# #<#
#@#
#.....W.#
#.#....o#
........#
#.#......
# ####.##
.. ..


You could see a hungry ghost and an orc warrior.

Vanquished Creatures
  Pikel (D:5)
  Sigmund (D:3)
  Edmund (D:5)
  Menkaure (D:5)
  A sky beast (D:5)
  2 slaves (D:5)
  The ghost of kae the Chopper, an amateur HOFi of Makhleb (D:3)
  An ogre (D:4)
  A giant frog (D:5)
  A scorpion (D:4)
  A giant frog zombie (D:5)
  An orc priest (D:5)
  A centaur skeleton (D:4)
  Jessica (D:3)
  2 worker ants
  Natasha (D:3)
  6 orc wizards
  A killer bee zombie (D:5)
  A hound zombie (D:6)
  A hound skeleton (D:5)
  7 adders
  3 oozes
  An adder skeleton (D:4)
  A worm (D:3)
  6 giant geckos
  15 orcs
  A ball python (D:2)
  4 bats
  3 giant cockroaches
  13 goblins
  13 hobgoblins
  2 jackals (D:2)
  5 kobolds
  2 quokkas (D:2)
  A ball python skeleton (D:4)
  A giant newt (D:2)
  A quokka zombie (D:5)
  12 rats
118 creatures vanquished.

Vanquished Creatures (others)
  2 slaves (D:5)
  A human (D:4)
3 creatures vanquished.

Grand Total: 121 creatures vanquished

Notes
Turn   | Place    | Note
--------------------------------------------------------------
     0 | D:1      | kae the Hill Orc Fighter began the quest for the Orb.
     0 | D:1      | Reached XP level 1. HP: 19/19 MP: 1/1
    56 | D:1      | Reached XP level 2. HP: 16/26 MP: 2/2
   156 | D:1      | Reached skill level 4 in Axes
   184 | D:1      | Reached XP level 3. HP: 13/31 MP: 3/3
   465 | D:1      | Reached skill level 5 in Axes
   862 | D:2      | Found a basalt altar of Yredelemnul.
   911 | D:2      | Reached XP level 4. HP: 33/39 MP: 4/4
   994 | D:2      | Found a white marble altar of Elyvilon.
  1167 | D:2      | Found a radiant altar of Vehumet.
  1235 | D:2      | Found a shadowy altar of Dithmenos.
  1255 | D:2      | Reached skill level 6 in Axes
  1855 | D:3      | Noticed Sigmund
  1855 | D:3      | Noticed kae's ghost (amateur HOFi)
  2004 | D:3      | Noticed Jessica
  2005 | D:3      | Killed Jessica
  2005 | D:3      | Reached XP level 5. HP: 45/45 MP: 5/5
  2020 | D:3      | Reached skill level 7 in Axes
  2242 | D:3      | Noticed Natasha
  2249 | D:3      | Killed Natasha
  2438 | D:3      | Killed Sigmund
  2438 | D:3      | Reached skill level 9 in Axes
  2438 | D:3      | Reached XP level 6. HP: 51/51 MP: 6/6
  2514 | D:3      | Killed kae's ghost
  2514 | D:3      | Reached XP level 7. HP: 35/57 MP: 7/7
  2577 | D:4      | Reached skill level 10 in Axes
  3206 | D:4      | Found an ancient bone altar of Kikubaaqudgha.
  3211 | D:4      | Noticed a human
  3213 | D:4      | Killed a human
  3537 | D:5      | Entered Level 5 of the Dungeon
  3624 | D:5      | Reached skill level 11 in Axes
  3627 | D:5      | Noticed Menkaure
  3634 | D:5      | Killed Menkaure
  3634 | D:5      | Reached XP level 8. HP: 52/64 MP: 8/8
  3821 | D:5      | Found a snail-covered altar of Cheibriados.
  3849 | D:5      | Reached skill level 12 in Axes
  3883 | D:5      | Noticed Edmund
  3899 | D:5      | Killed Edmund
  3960 | D:5      | Noticed Pikel
  3982 | D:5      | Killed Pikel
  3982 | D:5      | Reached skill level 13 in Axes
  4104 | D:5      | Reached skill level 14 in Axes
  4104 | D:5      | Reached XP level 9. HP: 56/70 MP: 9/9
  4444 | D:6      | Slain by an orc warrior

Vault maps used:
D:1:      dpeg_arrival_court, dk_noncrumbling_4
D:2:      kennysheep_ying_yang, grunt_dithmenos_smoke, marbit_many_paths,
          grunt_ministairs_14
D:3:      uniq_natasha, uniq_sigmund, uniq_jessica
D:4:      hangedman_decor_points, tgw_kikubaaqudgha
D:5:      first_bread, basic_altar, minmay_crossroads, uniq_pikel,
          uniq_menkaure, uniq_edmund
D:6:      grunt_gozag_breadcrumbs, uniq_blork_the_orc, uniq_duvessa,
          uniq_eustachio

Action                   |  1- 3 |  4- 6 |  7- 9 || total
-------------------------+-------+-------+-------++-------
Melee: War axe           |   109 |   148 |   171 ||   428
Evoke: Wand              |       |     2 |     3 ||     5
  Use: Scroll            |       |     7 |     1 ||     8
       Potion            |       |     1 |     1 ||     2
 Stab: Paralysed         |       |     6 |       ||     6
       Distracted        |       |       |     2 ||     2
  Eat: Chunk             |       |     6 |     1 ||     7
       Fruit             |       |       |     2 ||     2
       Meat ration       |       |       |     1 ||     1
